 Dungeon Crawl Stone Soup version 0.32-a0-391-gce5c0aab1b (webtiles) character file.

Game seed: 14185281182120183315

161 2tousent the Shooter (level 5, -1/60 HPs)
             Began as a Coglin Hunter on Feb 19, 2024.
             Slain by an orc wizard
             ... wielding a +0 dagger
              (2 damage)
             ... on level 3 of the Dungeon.
             The game lasted 00:04:23 (1703 turns).

2tousent the Shooter (Coglin Hunter)                Turns: 1703, Time: 00:04:23

Health: -1/60      AC: 22    Str: 13    XL:     5   Next: 42%
Magic:  5/5        EV:  2    Int:  9    God:
Gold:   99         SH:  0    Dex: 17    Spells: 4/4 levels left

rFire   . . .        a - +0 shortbow {Bonhwa}
rCold   . . .        (shield currently unavailable)
rNeg    . . .        c - melded +0 leather armour
rPois   +            (helmet currently unavailable)
rElec   .            (cloak currently unavailable)
rCorr   .            (gloves currently unavailable)
SInv    .            (boots currently unavailable)
Will    .....        (no amulet)
Stlth   +            i - ring of poison resistance
HPRegen 0.30/turn    j - ring of wizardry
MPRegen 0.09/turn

%: wizardry (x1)
@: confused, mighty, tree-form, revved, stiff-legged, very slow
A: stationary, stasis, torment immunity, boosted hp, off-hand wielding, slow
wielding, warmup strikes, (warmup strides)
a: no special abilities


You were on level 3 of the Dungeon.
You were a tree.
You visited 1 branch of the dungeon, and saw 3 of its levels.

You collected 191 gold pieces.
You spent 92 gold pieces at shops.

Inventory:

Hand Weapons
 a - a +0 shortbow (weapon) {Bonhwa}
Armour
 c - a +0 leather armour (melded)
Jewellery
 i - a ring of poison resistance (left branch)
 j - a ring of wizardry (right branch)
 p - an amulet of faith
Wands
 n - a wand of flame (20)
Scrolls
 b - a scroll of butterflies
 d - a scroll of fear
 h - 2 scrolls of teleportation
 l - a scroll of acquirement {unknown}
 o - a scroll of identify
 q - a scroll of amnesia {unknown}
Potions
 e - 3 potions of attraction
 f - a potion of degeneration
 g - a potion of might


   Skills:
 + Level 2.9 Fighting
 * Level 4.6 Ranged Weapons
 + Level 1.6 Armour
 + Level 2.5 Dodging
 - Level 0.7 Stealth
 + Level 1.2 Evocations


You had 4 spell levels left.
You didn't know any spells.
Your spell library contained the following spells:

 Spells                   Type           Power      Damage    Failure   Level
 Jinxbite                 Hex            0%         N/A       24%         2
 Yara's Violent Unravell  Hex/Alch       0%         3d3       98%         5
 Enfeeble                 Hex            0%         N/A       100%        7


Dungeon Overview and Level Annotations

Branches:
Dungeon (3/15)

Altars:

Shops:
D:2 *


Innate Abilities, Weirdness & Mutations

You are a tree.
Your roots penetrate the ground, keeping you stationary.
You cannot be teleported.
You are immune to unholy pain and torment.
Your maximum health is greatly increased.
Your equipment is partially melded.
You can wield a second weapon in your off-hand.
It takes a long time for you to wield or remove held weapons.
Your first few attacks do less damage.
((Your first movements take longer.))


Message History

Unknown command.
You cannot move.
You cannot move.
Fire: a) +0 shortbow {Bonhwa}
Press: ? - help, Q - select action, (/) - cycle Shift-Dir - straight line You shoot an arrow.
Something hits you but does no damage. x2
You shoot an arrow.
Something hits you but does no damage. x4
You shoot an arrow. Something completely misses you.
You hear some strange, mumbled words.
A magic dart appears from out of thin air!
The magic dart hits you but does no damage.
You shoot an arrow.
You hear some strange, mumbled words.
A puff of flame appears from out of thin air!
The puff of flame hits you.
* * * LOW HITPOINT WARNING * * *
Something hits you but does no damage.
You shoot an arrow. Something hits you but does no damage.
You hear some strange, mumbled words.
A puff of flame appears from out of thin air!
The puff of flame hits you but does no damage.
You shoot an arrow. Something hits you but does no damage.
You hear some strange, mumbled words.
You are confused.
You shoot an arrow.
You hear some strange, mumbled words.
A puff of flame appears from out of thin air!
The puff of flame hits you!
* * * LOW HITPOINT WARNING * * *
Something hits you but does no damage.
You shoot an arrow. Something hits you but does no damage.
You hear some strange, mumbled words.
A puff of flame appears from out of thin air!
The puff of flame hits you but does no damage.
Something hits you but does no damage. x2
You shoot an arrow. Something hits you.
* * * LOW HITPOINT WARNING * * *
Something hits you.
You die...

##.####.#.#
#.###...#
#...##.#.##
.. #.#..#
###..#.#
.##.# ##.##.#
##.#.# .#..#
#..# ...#:
#.#.# ...#
#.## ##...
#...##..#
#.###.....
##...#..#
#...<.# ##
###.{..#
#.#####
#{♣#.# ###
#).).....#
.....###....#
...## #...#
.> ...# .
/..# ... #...


There were no monsters in sight!

Vanquished Creatures
  An orc priest (D:3)
  An adder (D:2)
  2 ribbon worms
  2 dart slugs (D:1)
  4 orcs (D:3)
  5 endoplasms
  4 giant cockroaches
  6 goblins
  8 hobgoblins
  4 jackals (D:2)
  7 kobolds
  2 quokkas
  A ball python (D:3)
  5 bats
  4 frilled lizards
  6 rats
62 creatures vanquished.

Notes
Turn   | Place    | Note
-------+----------+-------------------------------------------
     0 | D:1      | 2tousent the Coglin Hunter began the quest for the Orb.
     0 | D:1      | Reached XP level 1. HP: 16/16 MP: 1/1
   164 | D:1      | Reached XP level 2. HP: 22/22 MP: 2/2
   223 | D:1      | Found a faded altar of an unknown god.
   304 | D:1      | Reached skill level 4 in Ranged Weapons
   304 | D:1      | Reached XP level 3. HP: 27/27 MP: 3/3
   546 | D:1      | Reached skill level 1 in Armour
   835 | D:2      | Reached XP level 4. HP: 34/34 MP: 4/4
  1199 | D:2      | Found Poifyll's Assorted Antiques.
  1206 | D:2      | Bought a bone wand for 92 gold pieces
  1561 | D:3      | Reached XP level 5. HP: 39/39 MP: 5/5
  1609 | D:3      | Reached skill level 1 in Evocations
  1703 | D:3      | HP: 1/60 [something (3)]
  1703 | D:3      | Slain by an orc wizard

Illustrated notes

Levels and vault maps discovered:
D:1:      minmay_arrival_diagonal_passages, layout_basic, basic_ecumenical_altar
D:2:      layout_basic, serial_shops, shop_fountains
D:3:      layout_rooms, mainiacjoe_overflow_alcove_2,
          nemelex_diamond_rough_becter

Skill      XL: |  1  2  3  4  5 |
---------------+----------------+-----
Dodging        | 2 |  2.5
Ranged Weapons | 4 |  4.6
Armour         | 1 |  1.6
Evocations     | 1 |  1.2
Fighting       | |  2.9
Stealth        | |  0.7

Action                     |  1- 3 |  4- 6 || total
---------------------------+-------+-------++-------
   Fire: Shortbow          |    87 |   125 ||   212
    Use: Scroll            |     2 |     4 ||     6
         Potion            |       |     3 ||     3
 Armour: Leather armour    |    14 |    36 ||    50
         Skin              |       |    39 ||    39
  Dodge: Dodged            |    13 |    27 ||    40

Table legend: (Time is in decaauts)
 A = Elapsed time spent in this place.
 B = Non-inter-level travel time spent in this place.
 C = Inter-level travel time spent in this place.
 D = Time resting spent in this place.
 E = Time spent auto-exploring this place.
 F = Levels seen in this place.
 G = Mean time per level.
                   A        B        C        D        E       F      G
               +--------+--------+--------+--------+--------+-----+--------+
         Total |   1823 |   1780 |     43 |      0 |   1387 |   3 |  607.7 |
       Dungeon |   1823 |   1780 |     43 |      0 |   1387 |   3 |  607.7 |
               +--------+--------+--------+--------+--------+-----+--------+

Top non-repeatable levels by time:
     D:1: 877 daAuts
     D:2: 720 daAuts
     D:3: 224 daAuts
